 Dungeon Crawl Stone Soup version 0.30-a0-394-g3e4acdb0ae (webtiles) character file.

Game seed: 3468671307832249530

35 Bnni the Shield-Bearer (level 3, 0/29 HPs)
             Began as a Formicid Fighter on Dec 6, 2022.
             Slain by Natasha (4 damage)
             ... on level 2 of the Dungeon.
             The game lasted 00:01:09 (836 turns).

Bnni the Shield-Bearer (Formicid Fighter)            Turns: 836, Time: 00:01:09

Health: 0/29       AC:  6    Str: 22    XL:     3   Next: 55%
Magic:  3/3        EV:  9    Int:  7    God:
Gold:   44         SH:  5    Dex: 13    Spells: 2/2 levels left

rFire   . . .      SeeInvis +    a - +0 trident
rCold   . . .      Faith    .    c - +0 buckler
rNeg    . . .      Spirit   .    b - +0 scale mail
rPois   .          Reflect  .    (helmet unavailable)
rElec   .          Harm     .    (no cloak)
rCorr   .          Rampage  .    (no gloves)
Will    .....                    (no boots)
Stlth   ..........               (no amulet)
HPRegen 0.24/turn                l - ring of flight
MPRegen 0.08/turn                (no ring)

@: flying
A: permanent stasis, dig shafts and tunnels, antennae 3, four strong arms
a: Dig, Shaft Self


You were on level 2 of the Dungeon.
You visited 1 branch of the dungeon, and saw 2 of its levels.

You collected 44 gold pieces.

Inventory:

Hand Weapons
 a - a +0 trident (weapon)
Missiles
 k - 4 javelins
Armour
 b - a +0 scale mail (worn)
 c - a +0 buckler (worn)
Jewellery
 l - a ring of flight (left hand)
Scrolls
 g - a scroll of teleportation {unknown}
 h - 2 scrolls of identify {unknown}
 i - a scroll of summoning {unknown}
 j - 3 scrolls of fear {unknown}
 m - a scroll of magic mapping {unknown}
 o - 2 scrolls of enchant weapon {unknown}
Potions
 d - a potion of might
 e - 2 potions of berserk rage {unknown}
 f - a potion of haste {unknown}
 n - a potion of attraction {unknown}
 p - a potion of cancellation {unknown}


   Skills:
 + Level 3.6 Fighting
 * Level 2.7 Polearms
 - Level 3.2 Armour
 * Level 4.8 Shields


You had 2 spell levels left.
You didn't know any spells.
Your spell library was empty.

Dungeon Overview and Level Annotations

Branches:
Dungeon (2/15)

Altars:

Annotations:
D:2 Natasha


Innate Abilities, Weirdness & Mutations

You cannot be hasted, slowed, berserked, paralysed or teleported.
You can dig through walls and to a lower floor.
You have a pair of large antennae on your head. (SInv)
Your four strong arms can wield two-handed weapons with a shield.


Message History

Natasha is lightly wounded.
Natasha howls an incantation.
Natasha's front paws start to glow.
Natasha claws you.
You barely miss Natasha.
Natasha is lightly wounded.
Natasha claws you! Natasha closely misses you.
You are too injured to fight recklessly!
You are too injured to fight recklessly!
You are too injured to fight recklessly!
You are too injured to fight recklessly!
You are too injured to fight recklessly!
You are too injured to fight recklessly!
You are too injured to fight recklessly!
You are too injured to fight recklessly!
You are too injured to fight recklessly!
You closely miss Natasha.
Natasha is lightly wounded.
Natasha claws you.
Unknown command.
You closely miss Natasha. Natasha claws you.
You hit Natasha.
Natasha is moderately wounded.
Natasha claws you.
* * * LOW HITPOINT WARNING * * *
You barely miss Natasha.
Natasha is moderately wounded.
Natasha barely misses you. Natasha claws you.
* * * LOW HITPOINT WARNING * * *
Okay, then.
You closely miss Natasha.
Natasha is moderately wounded.
Natasha claws you but does no damage.
You hit Natasha.
Natasha is severely wounded.
Natasha closely misses you.
You closely miss Natasha.
Natasha is severely wounded.
Natasha claws you.
You die...

....... # ... ..#..#.
... ...(.#.###
.............
.....#...#.######
...#...#.......h@.#
...#.......#.####.#
.........<.# # #.#
.......#..##.# #.#
.............# #.#
.......#..#### #.#
.......#..#######.####
.....................#
..........####..#.####


You could see Natasha.

Vanquished Creatures
  A dart slug (D:1)
  2 ball pythons (D:1)
  4 bats (D:1)
  5 endoplasms (D:1)
  2 goblins (D:1)
  3 hobgoblins (D:1)
  4 jackals (D:1)
  A quokka (D:1)
  2 frilled lizards (D:1)
  2 kobolds (D:1)
  2 rats (D:1)
28 creatures vanquished.

Notes
Turn   | Place    | Note
-------+----------+-------------------------------------------
     0 | D:1      | Bnni the Formicid Fighter began the quest for the Orb.
     0 | D:1      | Reached XP level 1. HP: 18/18 MP: 1/1
    54 | D:1      | Reached XP level 2. HP: 21/24 MP: 2/2
   254 | D:1      | Found a faded altar of an unknown god.
   258 | D:1      | Reached XP level 3. HP: 29/29 MP: 3/3
   823 | D:2      | Noticed Natasha
   836 | D:2      | Slain by Natasha

Illustrated notes

Levels and vault maps discovered:
D:1:      elethiomel_arrival_infinity_welcomes_careful_drivers,
          layout_loops_ring, ebering_ecumenical_altar_box
D:2:      layout_basic, serial_shops, nicolae_shop_stone, uniq_natasha

Action                   || total
-------------------------++-------
Melee: Trident           ||    92
Armor: Scale mail        ||    30
Dodge: Dodged            ||    26
Block: Buckler           ||    15

Table legend: (Time is in decaauts)
 A = Elapsed time spent in this place.
 B = Non-inter-level travel time spent in this place.
 C = Inter-level travel time spent in this place.
 D = Time resting spent in this place.
 E = Time spent auto-exploring this place.
 F = Levels seen in this place.
 G = Mean time per level.
                   A        B        C        D        E       F      G
               +--------+--------+--------+--------+--------+-----+--------+
         Total |    854 |    805 |     49 |      0 |    623 |   2 |  427.0 |
       Dungeon |    854 |    805 |     49 |      0 |    623 |   2 |  427.0 |
               +--------+--------+--------+--------+--------+-----+--------+

Top non-repeatable levels by time:
     D:1: 783 daAuts
     D:2: 70 daAuts
